 Dungeon Crawl Stone Soup version 0.26-a0-651-gb41185065b (webtiles) character file.

Game seed: 13166429688504246191

1290 loralnil the Conjurer (level 8, -18/57 HPs)
             Began as a Green Draconian Conjurer on Oct 16, 2020.
             Demolished by a wolf spider zombie (20 damage)
             ... on level 8 of the Dungeon.
             The game lasted 00:10:40 (6683 turns).

loralnil the Conjurer (Green Draconian Conjurer)    Turns: 6683, Time: 00:10:40

Health: -18/57     AC:  6    Str:  9    XL:     8   Next: 30%
Magic:  5/15       EV: 14    Int: 20    God:
Gold:   334        SH:  0    Dex: 11    Spells: 1/16 levels left

rFire    . . .     SeeInvis .   e - +0 short sword (elec)
rCold    . . .     Faith    .   (no shield)
rNeg     + . .     Spirit   .   (armour unavailable)
rPois    +         Reflect  .   (helmet restricted)
rElec    .         Harm     .   (no cloak)
rCorr    .         Rampage  .   (no gloves)
MR       .....                  (no boots)
Stlth    +++.......             (no amulet)
HPRegen  0.19/turn              a - ring of wizardry
MPRegen  0.14/turn              f - ring of positive energy

@: no status effects
A: breathe noxious fumes, unfitting armour, poison resistance, cold-blooded, AC
+6
a: Breathe Noxious Fumes


You were on level 8 of the Dungeon.
You visited 1 branch of the dungeon, and saw 6 of its levels.

You collected 334 gold pieces.

Inventory:

Hand Weapons
 e - a +0 short sword of electrocution (weapon)
Jewellery
 a - a ring of wizardry (left hand)
 f - a ring of positive energy (right hand)
 j - an uncursed ring of positive energy
Wands
 p - a wand of acid (8)
Scrolls
 b - 3 scrolls of remove curse
 c - 4 scrolls of teleportation
 g - 3 scrolls of blinking {unknown}
 i - 2 scrolls of fog {unknown}
 m - 2 scrolls of random uselessness {unknown}
 o - a scroll of enchant weapon {unknown}
Potions
 h - a potion of mutation
 k - a potion of flight {unknown}
 l - a potion of might {unknown}
 n - a potion of degeneration {unknown}


   Skills:
 + Level 4.7 Dodging
 + Level 5.2 Stealth
 + Level 4.9 Spellcasting
 + Level 6.3 Conjurations
 + Level 1.3 Air Magic


You had one spell level left.
You knew the following spells:

 Your Spells              Type           Power        Failure   Level
a - Magic Dart            Conj           ####         1%          1
b - Searing Ray           Conj           ####..       1%          2
c - Dazzling Flash        Conj/Hex       ###...       4%          3
d - Fulminant Prism       Conj/Hex       ###.......   13%         4
e - Lightning Bolt        Conj/Air       ###.......   26%         5

Your spell library contained the following spells:

 Spells                   Type           Power        Failure   Level
 Shock                    Conj/Air       ###.         1%          1
 Static Discharge         Conj/Air       ###.....     2%          3
 Swiftness                Air            ##......     4%          2
 Conjure Flame            Conj/Fire      ###.....     4%          3
 Mephitic Cloud           Conj/Pois/Air  ###.....     4%          3
 Blink                    Tloc           N/A          8%          2
 Call Imp                 Summ           #.......     8%          2
 Slow                     Hex            #.......     8%          2
 Iskenderun's Mystic Bla  Conj/Tloc      ###.....     13%         4
 Airstrike                Air            ##........   26%         4


Dungeon Overview and Level Annotations

Branches:
Dungeon (5/15)
 Temple: D:4-7

Altars:
Kikubaaqudgha


Innate Abilities, Weirdness & Mutations

You can breathe blasts of noxious fumes.
Your lurid green scales are hard. (AC +6)
You cannot fit into any form of body armour.
Your system is resistant to poisons. (rPois)
You are cold-blooded and may be slowed by cold attacks.


Message History

The searing ray hits the wolf spider zombie!
The wolf spider zombie is heavily damaged.
The wolf spider zombie closely misses you.
The wolf spider zombie misses you.
The searing ray hits the wolf spider zombie.
The wolf spider zombie is heavily damaged.
The wolf spider zombie closely misses you.
The wolf spider zombie bites you.
* * * LOW HITPOINT WARNING * * *
The wolf spider zombie hits you but does no damage.
The wolf spider zombie bites you.
* * * LOW HITPOINT WARNING * * *
The searing ray hits the wolf spider zombie!
The wolf spider zombie is severely damaged.
You finish channeling your searing ray.
The wolf spider zombie hits you.
* * * LOW HITPOINT WARNING * * *
The wolf spider zombie bites you.
* * * LOW HITPOINT WARNING * * *
The wolf spider zombie hits you!!
You die...

.... ... .. .# .
######'###...
#............
+............
#.Z.....:....
#####@###########
#..##.######
..#..........#
#.....#..........#
#.....+..........#
.....#..........# .. ##+
#...###...###.###...
##..###...###...###.###...
#..........#..).#.........


You could see a wolf spider zombie.

Vanquished Creatures
  Maggie (D:8)
  A sky beast (D:5)
  A phantom (D:4)
  An ice beast (D:5)
  An ogre (D:8)
  A water moccasin skeleton (D:5)
  2 scorpions
  A hound (D:8)
  A bullfrog skeleton (D:4)
  An orc wizard (D:4)
  Natasha (thrice) (D:2)
  3 iguanas
  2 worker ants
  2 hound skeletons
  A howler monkey zombie (D:5)
  3 adders
  4 gnolls (D:3)
  2 shadow imps (D:5)
  A white imp (D:5)
  An ooze (D:3)
  An adder zombie (D:8)
  2 adder skeletons
  3 worms (D:3)
  A dart slug (D:1)
  5 leopard geckos
  9 orcs
  3 giant cockroaches
  11 goblins
  8 hobgoblins
  3 jackals (D:2)
  A quokka (D:3)
  A ball python (D:5)
  5 bats
  5 frilled lizards
  5 kobolds
  A leopard gecko zombie (D:5)
  10 rats
107 creatures vanquished.

Vanquished Creatures (others)
  3 fulminant prisms (D:8)
  2 plants (D:1)
5 creatures vanquished.

Grand Total: 112 creatures vanquished

Notes
Turn   | Place    | Note
-------+----------+-------------------------------------------
     0 | D:1      | loralnil the Draconian Conjurer began the quest for the
                  | Orb.
     0 | D:1      | Reached XP level 1. HP: 14/14 MP: 3/3
   336 | D:1      | Reached XP level 2. HP: 20/20 MP: 1/5
   340 | D:1      | Learned a level 2 spell: Searing Ray
  1612 | D:2      | Reached XP level 3. HP: 26/26 MP: 3/6
  1617 | D:2      | Learned a level 3 spell: Dazzling Flash
  1732 | D:2      | Noticed Natasha
  1744 | D:2      | Killed Natasha
  2028 | D:2      | Noticed Natasha
  2032 | D:2      | Killed Natasha
  2032 | D:2      | Reached XP level 4. HP: 31/33 MP: 2/8
  2519 | D:2      | Noticed Natasha
  2525 | D:2      | Killed Natasha
  2888 | D:3      | Reached XP level 5. HP: 38/38 MP: 4/9
  4375 | D:4      | Reached skill level 5 in Conjurations
  4375 | D:4      | Reached XP level 6. HP: 33/45 MP: 0/11
  4917 | D:4      | Found an ancient bone altar of Kikubaaqudgha.
  5465 | D:5      | Entered Level 5 of the Dungeon
  5483 | D:5      | Your scales start taking on a lurid green colour.
  5483 | D:5      | Reached XP level 7. HP: 40/50 MP: 7/12
  5483 | D:5      | Gained mutation: Your system is resistant to poisons.
                  | (rPois) [Green Draconian growth]
  5556 | D:5      | Learned a level 4 spell: Fulminant Prism
  6427 | D:5      | You fall into a shaft and drop 3 floors!
  6430 | D:8      | Reached skill level 6 in Conjurations
  6506 | D:8      | Reached XP level 8. HP: 57/57 MP: 8/14
  6513 | D:8      | Learned a level 5 spell: Lightning Bolt
  6562 | D:8      | Noticed Maggie
  6591 | D:8      | Killed Maggie
  6591 | D:8      | Reached skill level 5 in Stealth
  6591 | D:8      | Reached skill level 1 in Air Magic
  6681 | D:8      | HP: 2/57 [wolf spider zombie (5)]
  6683 | D:8      | Demolished by a wolf spider zombie

Illustrated notes

Levels and vault maps discovered:
D:1:      dpeg_arrival_renting, layout_basic, serial_forest,
          infiniplex_forest_side_room, infiniplex_forest_end_2,
          infiniplex_forest_lined_2, infiniplex_forest_zigzag_1,
          infiniplex_forest_lined_1, infiniplex_forest_pool,
          infiniplex_forest_clump_C, infiniplex_forest_fountain,
          chequers_serial_rivers_micro_e, minmay_misc_feat_rugged
D:2:      cheibrodos_old_hovel, layout_loops_ring, columned_hall_lemuel,
          uniq_natasha
D:3:      layout_basic, portal_sewer_entry_f, minmay_vboxes
D:4:      layout_loops_corners, kiku_gazebo_pond_becter
D:5:      layout_loops_corners
D:8:      layout_gridville, serial_shops, nicolae_shop_statue_plus, uniq_pikel,
          uniq_harold, uniq_maggie

Skill      XL: |  1  2  3  4  5  6  7  8 |
---------------+-------------------------+-----
Stealth        | 2 3 4 5 |  5.2
Dodging        | 2 3 4 |  4.7
Spellcasting   | 3 4 |  4.9
Conjurations   | 5 6 |  6.3
Air Magic      | 1 |  1.3

Action                   |  1- 3 |  4- 6 |  7- 9 || total
-------------------------+-------+-------+-------++-------
Melee: Unarmed           |     5 |       |       ||     5
       Short sword       |    14 |    47 |    16 ||    77
       Tailslap          |     4 |     4 |     2 ||    10
 Cast: Magic Dart        |    52 |    81 |    34 ||   167
       Searing Ray       |     1 |    18 |    10 ||    29
       Fulminant Prism   |       |       |     3 ||     3
  Use: Scroll            |       |     5 |       ||     5
       Potion            |       |       |     1 ||     1
 Stab: Invisible         |       |       |     1 ||     1
Armor: Skin              |     4 |    12 |     6 ||    22
Dodge: Dodged            |    13 |    43 |    26 ||    82

Table legend: (Time is in decaauts)
 A = Elapsed time spent in this place.
 B = Non-inter-level travel time spent in this place.
 C = Inter-level travel time spent in this place.
 D = Time resting spent in this place.
 E = Time spent auto-exploring this place.
 F = Levels seen in this place.
 G = Mean time per level.
                   A        B        C        D        E       F      G
               +--------+--------+--------+--------+--------+-----+--------+
         Total |   6692 |   6549 |    143 |    686 |   5241 |   6 | 1115.3 |
       Dungeon |   6692 |   6549 |    143 |    686 |   5241 |   6 | 1115.3 |
               +--------+--------+--------+--------+--------+-----+--------+

Top non-repeatable levels by time:
     D:3: 1642 daAuts
     D:2: 1344 daAuts
     D:1: 1309 daAuts
     D:4: 1177 daAuts
     D:5: 962 daAuts
     D:8: 257 daAuts
